 Dungeon Crawl Stone Soup version 0.31-a0-210-gccc998df9b (webtiles) character file.

Game seed: 3913479478492651523

9 tsouns the Covert (level 2, 0/29 HPs)
             Began as a Gnoll Delver on June 30, 2023.
             Slain by a sleepcap (8 damage)
             ... on level 5 of the Dungeon.
             The game lasted 00:01:08 (58 turns).

tsouns the Covert (Gnoll Delver)                      Turns: 58, Time: 00:01:08

Health: 0/29       AC:  3    Str: 11    XL:     2   Next: 12%
Magic:  2/2        EV: 13    Int:  9    God:
Gold:   15         SH:  0    Dex: 13    Spells: 1/1 levels left

rFire   . . .        a - +0 spear
rCold   . . .        (no shield)
rNeg    . . .        b - +0 leather armour
rPois   .            (no helmet)
rElec   .            (no cloak)
rCorr   .            (no gloves)
SInv    .            (no boots)
Will    .....        (no amulet)
Stlth   ++++         (no ring)
HPRegen 0.24/turn    (no ring)
MPRegen 0.08/turn

%: no passive effects
@: lethally poisoned (0 -> -9)
A: fangs 1, strong nose, distributed training
a: no special abilities


You were on level 5 of the Dungeon.
You visited 1 branch of the dungeon, and saw 1 of its levels.

You collected 15 gold pieces.

Inventory:

Hand Weapons
 a - a +0 spear (weapon)
Armour
 b - a +0 leather armour (worn)
Wands
 g - a wand of digging (3)
Scrolls
 c - a scroll of fog
 h - a scroll of noise {unknown}
Potions
 f - a potion of haste


   Skills:
 + Level 6.4 Fighting
 + Level 0.3 Short Blades
 + Level 0.3 Long Blades
 + Level 0.3 Axes
 + Level 0.3 Maces & Flails
 + Level 4.4 Polearms
 + Level 0.3 Staves
 + Level 0.3 Ranged Weapons
 + Level 0.3 Throwing
 + Level 0.3 Armour
 + Level 4.4 Dodging
 + Level 9.5 Stealth
 + Level 0.3 Shields
 + Level 0.3 Unarmed Combat
 + Level 0.3 Spellcasting
 + Level 0.2 Conjurations
 + Level 0.2 Hexes
 + Level 0.2 Summonings
 + Level 0.2 Necromancy
 + Level 0.2 Translocations
 + Level 0.2 Transmutations
 + Level 0.2 Fire Magic
 + Level 0.2 Ice Magic
 + Level 0.2 Air Magic
 + Level 0.2 Earth Magic
 + Level 0.2 Poison Magic
 + Level 0.4 Invocations
 + Level 0.3 Evocations


You had one spell level left.
You didn't know any spells.
Your spell library was empty.

Dungeon Overview and Level Annotations

Branches:
Dungeon (5/15)
 Temple: D:4-7

Altars:

Annotations:
D:5 1 runed translucent door, Edmund; soulesssniper's ghost, novice GrFi


Innate Abilities, Weirdness & Mutations

You have very sharp teeth.
Your uncanny sense of smell can sniff out nearby items.
Your experience applies equally to all skills.


Message History

A scorpion comes into view.
An iguana comes into view.
The scorpion stings you.
Soulesssniper's ghost says, "Let nature run its course against you!"
The scorpion completely misses you. The scorpion attacks as you move away!
The scorpion barely misses you.
Soulesssniper's ghost laughs, "And you think you're capable of finding the ORB?
I had it, you know.
Then I gave it away so I could steal it AGAIN."
The scorpion attacks as you move away! The scorpion closely misses you.
The scorpion attacks as you move away! The scorpion stings you.
The scorpion seems to regain its courage.
The scorpion stings you but does no damage.
The jelly jiggles.
The iguana misses you. The scorpion closely misses you.
The scorpion stings you.
A sleepcap comes into view.
The white imp shouts, "Go and return not, thou grime-gilt toenail-biting crab-lanthorn!"
The hound bites you. The hound bites you. The scorpion stings you.
The hound closely misses you. The scorpion attacks as you move away!
The scorpion misses you.
The hound seems to regain its courage.
You see here 5 stones.
You hit the sleepcap.
The sleepcap is lightly damaged.
The sentinel's mark upon you fades away.
The hound bites you but does no damage. The sleepcap barely misses you.
The iguana barely misses you. The hound barely misses you.
You hit the sleepcap.
The sleepcap is lightly damaged.
The hound barely misses you.
The iguana bites you but does no damage.
The sleepcap misses you.
You hit the sleepcap but do no damage.
The sleepcap is lightly damaged.
The hound closely misses you. The scorpion stings you.
* * * LOW HITPOINT WARNING * * *
You are lethally poisoned!
The scorpion poisons you!
Edmund the Younger comes into view.
He is wielding a +3 heavy flail.
The sleepcap releases spores at you!
You die...

*,,,,,,,* *,...,* *
**,,,,,,,* *,...,* *
**,,,,,,,* *,..*,*
**,,,,,,,*** ##.#*,*
,,******,..#####..,∆,* *,*
****,#.....#.#**########
*,***,,,,,,#....># #[.....#
*,**,,,,,,,#.###f# #......#
*,*,,,,,...#.###@####......#
*,,,,**#...#.@.shl.........#
,,,,**⌠##...##..s...[...####
,,,**...##...#.5........#
,,##..!..##..#..........#
,,+...♣..W#.............#
,,##..?..##.............#
,,.##...##..............#
,,..##⌠##......##########


You could see Edmund, a sleepcap, 2 scorpions, an iguana, a hound and a white
imp.

Vanquished Creatures
  An adder (D:5)
1 creature vanquished.

Notes
Turn   | Place    | Note
-------+----------+-------------------------------------------
     0 | D:5      | Reached skill level 9 in Stealth
     0 | D:5      | tsouns the Gnoll Delver began the quest for the Orb.
     0 | D:5      | Reached XP level 1. HP: 23/23 MP: 1/1
    27 | D:5      | Noticed soulesssniper's ghost (novice GrFi)
    33 | D:5      | Noticed a jelly
    35 | D:5      | Noticed a scorpion
    38 | D:5      | Reached XP level 2. HP: 23/29 MP: 2/2
    39 | D:5      | Noticed a scorpion
    40 | D:5      | Noticed a scorpion
    41 | D:5      | Found a runed translucent door.
    42 | D:5      | Noticed a scorpion
    58 | D:5      | Noticed Edmund
    58 | D:5      | Slain by a sleepcap

Illustrated notes

Levels and vault maps discovered:
D:5:      layout_basic, makhleb_heckhound_becter,
          hellmonk_ghost_happy_afterlife, minmay_ogre_servants, uniq_edmund

Skill      XL: | |
---------------+-+-----
Stealth        | |  9.5
Fighting       | |  6.4
Short Blades   | |  0.3
Long Blades    | |  0.3
Axes           | |  0.3
Maces & Flails | |  0.3
Polearms       | |  4.4
Staves         | |  0.3
Ranged Weapons | |  0.3
Throwing       | |  0.3
Armour         | |  0.3
Dodging        | |  4.4
Shields        | |  0.3
Unarmed Combat | |  0.3
Spellcasting   | |  0.3
Conjurations   | |  0.2
Hexes          | |  0.2
Summonings     | |  0.2
Necromancy     | |  0.2
Translocations | |  0.2
Transmutations | |  0.2
Fire Magic     | |  0.2
Ice Magic      | |  0.2
Air Magic      | |  0.2
Earth Magic    | |  0.2
Poison Magic   | |  0.2
Invocations    | |  0.4
Evocations     | |  0.3

Action                     || total
---------------------------++-------
  Melee: Spear             ||    12
    Use: Scroll            ||     2
 Armour: Leather armour    ||     6
  Dodge: Dodged            ||    17

Table legend: (Time is in decaauts)
 A = Elapsed time spent in this place.
 B = Non-inter-level travel time spent in this place.
 C = Inter-level travel time spent in this place.
 D = Time resting spent in this place.
 E = Time spent auto-exploring this place.
 F = Levels seen in this place.
 G = Mean time per level.
                   A        B        C        D        E       F      G
               +--------+--------+--------+--------+--------+-----+--------+
         Total |     56 |     56 |      0 |      0 |     22 |   1 |   56.0 |
       Dungeon |     56 |     56 |      0 |      0 |     22 |   1 |   56.0 |
               +--------+--------+--------+--------+--------+-----+--------+

Top non-repeatable levels by time:
     D:5: 56 daAuts
